AoeStats
← Habadoon

Arabian Desert

510805424Analyzed
1v1 RM · 16h ago on Oct 2, 2026· 15m 25s· 2 players
Game mode
Random Map
Map size
Tiny (2 player)
Population
200
Speed
Normal
Resources
Standard
Victory
Conquest
Starting age
Dark Age
Ending age
Imperial Age
RankedLock teamsTeams togetherTeam positionsShared explorationLock speedFull tech treeHidden civsTurbo modeCheats
Victory
Defeat
🇿🇦 Teutons · South Africa
700
+16
🇦🇷 Vietnamese · Argentina
700
-38
Habadoon
8:39 Loom
11:13 Feudal Age
13:33 Double-Bit Axe
15:23 Fletching
1323nel
12:19 Feudal Age
13:41 Man-at-Arms
14:10 Arson
15:22 Forging
15:13 Scale Mail Armor
Connection lost

Rejoining the realm…

Still unreachable

The connection could not be restored.

Session expired

The server has moved on; the page needs a fresh start.